 Dungeon Crawl Stone Soup version 0.16.2-2-g470672f (webtiles) character file.

35 RepoMan the Conjurer (level 3, -6/26 HPs)
             Began as a Ghoul Conjurer on Aug 17, 2015.
             Killed by divine providence
             ... invoked by an orc priest
              (9 damage)
             ... on level 3 of the Dungeon.
             The game lasted 00:10:38 (1669 turns).

RepoMan the Conjurer (Ghoul Conjurer)               Turns: 1669, Time: 00:10:38

Health: -6/26      AC:  5    Str: 12    XL:     3   Next: 35%
Magic:  6/6        EV: 10    Int: 10    God:
Gold:   88         SH:  0    Dex:  9    Spells: 2 memorised, 3 levels left

rFire  . . .     SeeInvis .     n - +0 flail
rCold  + . .     Clarity  .     b - +0 ring mail
rNeg   + + +     SustAb   .     (no shield)
rPois  ∞         Gourm    .     (no helmet)
rElec  .         Spirit   .     (no cloak)
rCorr  .         Warding  .     (no gloves)
rMut   .         Stasis   .     (no boots)
MR     .....                    (no amulet)
Stlth  +.........               (no ring)
                                (no ring)

@: rotting, not resistant to hostile enchantments, very unstealthy
A: rotting body, claws 1, carnivore 3, cold resistance 1, negative energy
resistance 3, poison resistance, slow healing 1, torment resistance, unbreathing
a: no special abilities


You were on level 3 of the Dungeon.
You were not hungry.

You visited 1 branch of the dungeon, and saw 3 of its levels.

You collected 88 gold pieces.

Inventory:

Hand weapons
 k - a +0 hunting sling of flaming
 n - a +0 flail (weapon)
Armour
 a - a +0 robe
 b - a +0 ring mail (worn)
 d - a +0 scale mail
Magical devices
 s - a wand of flame (9)
 u - a wand of cold (6)
Scrolls
 j - a scroll of recharging {unknown}
 m - a scroll of fog {unknown}
 o - a scroll of remove curse {unknown}
 p - 2 scrolls of identify {unknown}
 r - a scroll of fear {unknown}
Potions
 g - a potion of invisibility {unknown}
 i - a potion of agility {unknown}
 l - a potion of cancellation {unknown}
Books
 c - a book of Conjurations

   Spells                             Type                      Level
   a - Magic Dart                     Conjuration                  1
   b - Searing Ray                    Conjuration                  2
   c - Dazzling Spray                 Conjuration/Hexes            3
   d - Fulminant Prism                Conjuration/Hexes            4
   e - Iskenderun's Mystic Blast      Conjuration                  4
   f - Iskenderun's Battlesphere      Conjuration/Charms           5
Comestibles
 f - a beef jerky
 q - a meat ration
 t - a chunk of flesh


   Skills:
 + Level 0.5 Maces & Flails
 + Level 1.1 Armour
 - Level 1.7 Dodging
 - Level 2.1 Stealth
 + Level 2.2 Spellcasting
 + Level 3.5 Conjurations


You had 3 spell levels left.
You knew the following spells:

 Your Spells              Type           Power        Failure   Level  Hunger
a - Magic Dart            Conj           #...         17%         1    ##.....
s - Searing Ray           Conj           #.....       24%         2    ###....


Dungeon Overview and Level Annotations

Branches:
Dungeon (3/15)

Altars:


Innate Abilities, Weirdness & Mutations

Your body is rotting away.
You thrive on raw meat.
You have sharp fingernails.
You are carnivorous and can eat meat at any time.
Your flesh is cold resistant.
You are immune to negative energy.
Your system is resistant to poisons.
You heal slowly when monsters are visible.
You are immune to unholy pain and torment.
You can survive without breathing.


Message History

The orc wizard mumbles some strange words.
The orc wizard blinks!
The orc priest becomes somewhat translucent.
The orc wizard casts a spell.
You feel a wave of unholy energy pass over you.
The orc priest mumbles some strange prayers to Beogh against you.
Something smites you!
* * * LOW HITPOINT WARNING * * *
Drink which item? (? for menu, Esc to quit)
You feel better.
The orc priest invokes the aid of Beogh against you.
Something smites you!
* * * LOW HITPOINT WARNING * * *
The orc wizard casts a spell.
The orc wizard blinks!
Drink which item? (? for menu, Esc to quit)
It was a potion of restore abilities.
You feel refreshed.
The orc priest mumbles some strange prayers to Beogh against you.
Something smites you!
You die...

.......§..........#
..................#
..................#
..................#
..................#
.........o........#
........Ko........#
........oo........#
........@.........#
..................#
.................#
.................#
##.###...#########
#. #...############
#..............#
#..............#
#..............#


You could see 2 orc priests, an orc wizard, an orc and a kobold.

Vanquished Creatures
  A giant gecko (D:1)
  A goblin (D:2)
  10 hobgoblins
  A ball python (D:1)
  9 bats
  A giant cockroach (D:1)
  5 kobolds
  5 rats
33 creatures vanquished.

Notes
Turn   | Place    | Note
--------------------------------------------------------------
     0 | D:1      | RepoMan, the Ghoul Conjurer, began the quest for the Orb.
     0 | D:1      | Reached XP level 1. HP: 14/14 MP: 2/2
   316 | D:1      | Reached XP level 2. HP: 20/20 MP: 1/4
   346 | D:1      | Learned a level 2 spell: Searing Ray
   507 | D:1      | Reached skill level 1 in Armour
  1038 | D:2      | Reached XP level 3. HP: 26/26 MP: 1/6
  1669 | D:3      | Killed from afar by an orc priest

Action                   || total
-------------------------++-------
Melee: Unarmed           ||    68
       Flail             ||    36
 Cast: Magic Dart        ||    30
  Use: Potion            ||     3
  Eat: Chunk             ||    12
